 Dungeon Crawl Stone Soup version 0.20.1-1-g8b1a95d (webtiles) character file.

2362 Fisto the Carver (level 9, -12/69 HPs)
             Began as a Human Berserker on Nov 21, 2017.
             Was an Elder of Trog.
             Mangled by an ogre
             ... wielding a +0 giant club
              (21 damage)
             ... on level 8 of the Dungeon.
             The game lasted 00:31:02 (7915 turns).

Fisto the Carver (Human Berserker)                  Turns: 7915, Time: 00:31:03

Health: -12/69     AC: 13    Str: 20    XL:     9   Next: 72%
Magic:  9/9        EV: 10    Int:  7    God:    Trog [****..]
Gold:   257        SH:  0    Dex: 14    Spells: 8/8 levels left

rFire    . . .     SeeInvis .   a - +1 falchion
rCold    + . .     Gourm    .   (no shield)
rNeg     . . .     Faith    .   G - +0 chain mail
rPois    .         Spirit   .   q - +0 helmet
rElec    .         Reflect  .   n - +1 cloak
rCorr    .         Harm     .   (no gloves)
MR       .....                  (no boots)
Stlth    ..........             (no amulet)
Regen    0.3/turn               A - ring of protection from cold
MPRegen  0.2/turn               (no ring)

@: berserk cooldown, slowed, very slow
A: no striking features
a: Berserk, Trog's Hand, Brothers in Arms, Burn Spellbooks, Renounce Religion


You were on level 8 of the Dungeon.
You worshipped Trog.
Trog was greatly pleased with you.
You were very hungry.

You visited 1 branch of the dungeon, and saw 8 of its levels.

You collected 257 gold pieces.

Inventory:

Hand Weapons
 a - a +1 falchion (weapon)
 u - a +0 blowgun
 z - a +0 morningstar
 D - a +0 shortbow
Missiles
 j - 125 stones (quivered)
 l - 139 arrows
 r - 41 sling bullets
 v - a throwing net
 w - 4 javelins of returning
Armour
 n - a +1 cloak (worn)
 q - a +0 helmet (worn)
 G - a +0 chain mail (worn)
Jewellery
 A - a ring of protection from cold (left hand)
Scrolls
 d - 2 scrolls of enchant armour
 f - a scroll of recharging {unknown}
 h - 2 scrolls of identify
 i - a scroll of blinking
 t - a scroll of teleportation
 x - a scroll of remove curse
Potions
 b - 4 potions of curing
 e - 2 potions of berserk rage
 g - a potion of magic
 k - a potion of flight
 m - 2 potions of lignification
 s - 2 potions of agility
 B - 2 potions of cancellation {unknown}
 C - a potion of brilliance {unknown}
 F - a potion of might {unknown}
Comestibles
 c - 8 bread rations
 o - a royal jelly
 p - 3 meat rations
 E - 2 chunks of flesh


   Skills:
 + Level 5.9 Fighting
 + Level 8.1 Long Blades
 + Level 2.0 Bows
 + Level 3.2 Throwing
 + Level 6.5 Armour
 + Level 4.0 Dodging
 - Level 0.7 Stealth


You had 8 spell levels left.
You didn't know any spells.

Dungeon Overview and Level Annotations

Branches:
Dungeon (8/15)             Temple (0/1) D:5
   Lair: D:8-11

Altars:
Cheibriados
Dithmenos
Hepliaklqana
Makhleb
Nemelex Xobeh
Qazlal
Ru
Trog
Xom
The Shining One

Shops:
D:5 [


Message History

You feel yourself slow down. The ogre hits you with a giant club!
You hit the ogre.
The ogre is moderately wounded.
The gnoll hits you with a spear. The ogre closely misses you.
You riposte.
You barely miss the ogre.
The ogre is moderately wounded.
The gnoll hits you with a spear.
You completely miss the ogre.
The ogre is moderately wounded.
The ogre hits you with a giant club!!
* * * LOW HITPOINT WARNING * * *
The gnoll hits you but does no damage.
You feel better. The gnoll barely misses you.
The ogre hits you with a giant club!
* * * LOW HITPOINT WARNING * * *
The gnoll hits you but does no damage.
The gnoll hits you from afar with a spear.
* * * LOW HITPOINT WARNING * * *
The ogre hits you with a giant club!!
You die...

#.# #.# ##. #.# ...
#.# ... ###.##.#
#......####
####.######g#.(...((.
#...(...)@Og(.#..#
#.##.####...<...<#
...........##
####.####### #.# #.#
... ...


You could see an ogre and 2 gnolls.

Vanquished Creatures
  Pikel (D:6)
  Prince Ribbit (D:6)
  A spriggan (D:7)
  A sky beast (D:5)
  A black bear (D:7)
  2 ogres
  A phantom (D:4)
  A centaur (D:6)
  4 bullfrogs
  A scorpion (D:4)
  A water moccasin skeleton (D:6)
  A bullfrog zombie (D:5)
  3 crimson imps (D:5)
  A quasit (D:6)
  2 gnoll shamans
  3 hounds
  A jelly (D:5)
  An iguana (D:5)
  5 worker ants
  9 gnolls
  4 adders
  A shadow imp (D:7)
  An adder skeleton (D:3)
  2 worms
  3 dart slugs
  8 leopard geckos
  14 orcs
  7 giant cockroaches
  6 goblins
  7 hobgoblins
  12 jackals
  6 quokkas
  3 ball pythons (D:3)
  A ball python skeleton (D:4)
  7 bats
  5 frilled lizards
  2 jackal skeletons
  12 kobolds
  A leopard gecko zombie (D:6)
  A quokka skeleton (D:4)
  6 rats
150 creatures vanquished.

Vanquished Creatures (others)
  A black bear (D:6)
  A centaur (D:6)
  A bullfrog (D:6)
  A shadow imp (D:6)
  An orc (D:6)
5 creatures vanquished.

Grand Total: 155 creatures vanquished

Notes
Turn   | Place    | Note
-------+----------+-------------------------------------------
     0 | D:1      | Fisto the Human Berserker began the quest for the Orb.
     0 | D:1      | Reached XP level 1. HP: 18/18 MP: 1/1
   201 | D:1      | Reached XP level 2. HP: 24/24 MP: 2/2
   886 | D:2      | Reached XP level 3. HP: 29/29 MP: 3/3
   926 | D:2      | Found a snail-covered altar of Cheibriados.
  1197 | D:2      | Reached ** piety under Trog
  1197 | D:2      | Reached XP level 4. HP: 31/35 MP: 4/4
  1559 | D:2      | Found a faded altar of an unknown god.
  1670 | D:2      | Reached skill level 4 in Long Blades
  1721 | D:2      | Found a glowing golden altar of the Shining One.
  2361 | D:3      | Found a sparkling altar of Nemelex Xobeh.
  2361 | D:3      | Found a hazy altar of Hepliaklqana.
  2362 | D:3      | Found a shimmering altar of Xom.
  2442 | D:3      | Found a bloodstained altar of Trog.
  2562 | D:3      | Reached XP level 5. HP: 38/41 MP: 5/5
  2979 | D:3      | Reached *** piety under Trog
  3370 | D:4      | Reached skill level 5 in Long Blades
  3370 | D:4      | Reached XP level 6. HP: 44/47 MP: 6/6
  3688 | D:4      | Noticed an ogre
  3715 | D:4      | Killed an ogre
  4316 | D:5      | Entered Level 5 of the Dungeon
  4318 | D:5      | Noticed a phantom
  4333 | D:5      | Reached XP level 7. HP: 54/54 MP: 7/7
  4398 | D:4      | Reached skill level 1 in Throwing
  4864 | D:5      | Found a staircase to the Ecumenical Temple.
  4867 | D:5      | Reached skill level 6 in Long Blades
  5150 | D:5      | Reached XP level 8. HP: 19/61 MP: 8/8
  5391 | D:5      | Found Wemaotud's Armour Shop.
  5432 | D:5      | Received a gift from Trog
  5729 | D:6      | Noticed Pikel
  5736 | D:6      | Killed Pikel
  5736 | D:6      | Reached skill level 5 in Fighting
  5736 | D:6      | Reached skill level 5 in Armour
  6042 | D:6      | Reached skill level 7 in Long Blades
  6248 | D:6      | Noticed Prince Ribbit
  6266 | D:6      | Killed Prince Ribbit
  6266 | D:6      | Reached XP level 9. HP: 47/68 MP: 9/9
  6681 | D:6      | Found a shadowy altar of Dithmenos.
  7102 | D:7      | Reached skill level 1 in Bows
  7238 | D:7      | Reached **** piety under Trog
  7278 | D:7      | Found a burning altar of Makhleb.
  7307 | D:7      | Found a sacrificial altar of Ru.
  7312 | D:7      | Found a stormy altar of Qazlal.
  7351 | D:7      | Found a burning altar of Makhleb.
  7740 | D:7      | Reached skill level 8 in Long Blades
  7915 | D:8      | Mangled by an ogre

Skill      XL: |  1  2  3  4  5  6  7  8  9 |
---------------+----------------------------+-----
Long Blades    | 4 5 6 7 8 |  8.1
Armour         | 3 4 5 6 |  6.5
Fighting       | 4 5 |  5.9
Throwing       | 1 2 3 |  3.2
Dodging        | 3 4 |  4.0
Bows           | 2 |  2.0
Stealth        | |  0.7

Action                   |  1- 3 |  4- 6 |  7- 9 || total
-------------------------+-------+-------+-------++-------
Melee: Falchion          |    93 |   195 |   319 ||   607
 Fire: Blowgun           |       |    10 |    19 ||    29
       Shortbow          |       |       |    22 ||    22
Throw: Stone             |       |       |     8 ||     8
Invok: Berserk           |     4 |     5 |     7 ||    16
       Burn Spellbooks   |       |       |     1 ||     1
  Use: Scroll            |       |    11 |     5 ||    16
       Potion            |       |     2 |     2 ||     4
 Stab: Sleeping          |     1 |       |       ||     1
       Distracted        |       |       |     1 ||     1
  Eat: Chunk             |     4 |    11 |    12 ||    27
       Bread ration      |       |     1 |     1 ||     2
Armor: Animal skin       |     5 |       |       ||     5
       Scale mail        |    27 |    88 |   123 ||   238
       Chain mail        |       |       |    29 ||    29
Dodge: Dodged            |    85 |   132 |   185 ||   402
       Rpst.: Falchion   |    30 |    47 |    48 ||   125
